 Dungeon Crawl Stone Soup version 0.30-a0-737-gf23d94013f (webtiles) character file.

Game seed: 14374881003379848163

2716 jimonade the Thaumaturge (level 9, -8/55 HPs)
             Began as a Djinni Hedge Wizard on Feb 2, 2023.
             Mangled by Joseph
             ... wielding a +0 quarterstaff
              (14 damage)
             ... on level 7 of the Dungeon.
             The game lasted 00:24:39 (7188 turns).

jimonade the Thaumaturge (Djinni Hedge Wizard)      Turns: 7188, Time: 00:24:39

Health: -8/55      AC:  8    Str: 17    XL:     9   Next: 98%
Gold:   383        EV: 12    Int: 25    God:
                   SH:  0    Dex: 12

rFire   + + .      SeeInvis .    a - +4 dagger
rCold   x . .      Faith    .    (no shield)
rNeg    . . .      Spirit   .    n - +0 ring mail
rPois   ∞          Reflect  .    c - +0 hat
rElec   .          Harm     .    S - +0 cloak
rCorr   .          Rampage  .    O - +1 pair of gloves
Will    .....                    (boots unavailable)
Stlth   +                        (no amulet)
HPRegen 0.29/turn                e - +6 ring of intelligence
MPRegen 0.00/turn                C - +6 ring of strength

@: flying
A: sickness immunity, fire resistance 2, cold vulnerability 1, float, innate
caster, HP casting, extra vitality 1
a: no special abilities


You were on level 7 of the Dungeon.
You visited 1 branch of the dungeon, and saw 7 of its levels.

You collected 383 gold pieces.

Inventory:

Hand Weapons
 a - a +4 dagger (weapon)
 b - a +1 dagger of venom
 f - a +0 dagger
 z - a +0 vampiric short sword
 H - a +2 dagger of freezing
 L - a +2 heavy spear
Missiles
 g - 4 javelins
 s - 10 poisoned darts
 x - 8 boomerangs
 R - 6 curare-tipped darts
Armour
 c - a +0 hat (worn)
 i - a +0 robe
 n - a +0 ring mail (worn)
 K - a +1 leather armour of poison resistance
 O - a +1 pair of gloves (worn)
 S - a +0 cloak (worn)
Jewellery
 e - a +6 ring of intelligence (left hand)
 C - a +6 ring of strength (right hand)
 Q - a ring of see invisible
Wands
 B - a wand of quicksilver (9)
 J - a wand of mindburst (8)
 M - a wand of charming (26)
Scrolls
 h - 3 scrolls of poison {unknown}
 k - a scroll of magic mapping {unknown}
 m - 2 scrolls of identify {unknown}
 o - 2 scrolls of summoning {unknown}
 p - 2 scrolls of fear {unknown}
 u - 2 scrolls of teleportation {unknown}
 v - a scroll of amnesia {unknown}
 y - a scroll of vulnerability {unknown}
 A - a scroll of torment {unknown}
 G - a scroll of noise {unknown}
 I - a scroll of enchant armour {unknown}
 N - a scroll of fog {unknown}
Potions
 d - a potion of magic
 j - 2 potions of lignification {unknown}
 l - 2 potions of degeneration {unknown}
 r - 6 potions of curing
 t - 2 potions of flight {unknown}
 w - 4 potions of might {unknown}
 D - 2 potions of heal wounds {unknown}
 E - a potion of invisibility {unknown}
 F - a potion of cancellation {unknown}
 P - a potion of mutation {unknown}


   Skills:
 + Level 4.5 Dodging
 - Level 1.5 Stealth
 * Level 9.9 Spellcasting


You had 9 spell levels left.
You knew the following spells:

 Your Spells              Type           Power      Damage    Failure   Level
a - Magic Dart            Conj           100%       1d8       1%          1
b - Slow                  Hex            100%       N/A       1%          1
c - Blink                 Tloc           100%       N/A       1%          2
d - Call Imp              Summ           58%        N/A       1%          2
e - Mephitic Cloud        Conj/Pois/Air  58%        N/A       1%          3
f - Sting                 Tmut/Pois      100%       1d8       1%          1
g - Lesser Beckoning      Tloc           100%       N/A       1%          2
h - Call Canine Familiar  Summ           58%        N/A       1%          3
i - Teleport Other        Tloc           58%        N/A       1%          3
Your spell library was empty.

Dungeon Overview and Level Annotations

Branches:
Dungeon (7/15)
 Temple: D:4-7

Altars:
Trog

Annotations:
D:3 1 runed translucent door, Crazy Yiuf
D:7 Joseph


Innate Abilities, Weirdness & Mutations

You are immune to sickness and miasma.
You are immune to poison.
Your flesh is very heat resistant. (rF++)
You are vulnerable to cold. (rC-)
You float through the air rather than walking.
You learn spells naturally, not from books.
Your magical power is your life essence.
You have superior vitality. (+4 MHP)


Message History

Joseph shoots a sling bullet.
The sling bullet barely misses your white imp.
The sling bullet hits your warg!
Your white imp closely misses Joseph.
Your warg bites Joseph!
Joseph shoots a sling bullet.
The sling bullet hits your warg!
Your white imp hits Joseph.
Your white imp freezes Joseph.
Your warg bites Joseph!
Joseph shoots a sling bullet.
The sling bullet hits your warg!!
Your warg dies!
Your warg's corpse disappears in a puff of smoke!
Your white imp hits Joseph but does no damage.
Casting: Call Canine Familiar (safe; 1% risk of failure)
Confirm with . or Enter, or press ? or * to list all spells.
* * * LOW HITPOINT WARNING * * *
Your white imp barely misses Joseph.
Joseph shoots a sling bullet.
The sling bullet misses you.
Your white imp closely misses Joseph.
Joseph shoots a sling bullet.
The sling bullet closely misses your warg.
The sling bullet misses you.
Your white imp gestures at Joseph.
The puff of frost hits Joseph!
Joseph unwields a +0 sling.
Joseph wields a +0 quarterstaff.
Joseph hits your white imp with a +0 quarterstaff.
Your white imp closely misses Joseph.
Your warg closely misses Joseph.
Joseph hits your white imp with a +0 quarterstaff!
Your white imp dies!
Your white imp disappears in a puff of smoke!
Your warg bites Joseph.
Joseph closely misses your warg.
Your warg bites Joseph!
You barely miss Joseph.
Joseph is severely wounded.
Your warg bites Joseph!
Joseph says to your warg, "I've waited for this moment for such a long time."
Joseph hits your warg with a +0 quarterstaff!
You hit Joseph.
Joseph is almost dead.
Your warg bites Joseph.
Joseph hits you with a +0 quarterstaff!
You die...

..(..........## ..
..............# ...
..............###.
....
..................
....
...............!..
#...
................# #.
.......§§.@§....# #
.......§.@h.....#
..####..§.......#
##.........## #
#..........## ##
##..........#######.
#..................
##.................
#.......#.........
#.......###.......


You could see Joseph (ally target) and a friendly warg (summoned).

Vanquished Creatures
  Pikel (D:5)
  Edmund (D:5)
  An ogre (D:5)
  A black bear (D:5)
  Dowan (D:5)
  A howler monkey (D:5)
  A gnoll bouda (D:4)
  A jelly (D:5)
  An iguana (D:4)
  2 orc wizards
  Ijyb (D:5)
  11 gnolls
  8 adders
  An ufetubus (D:4)
  3 worms
  3 dart slugs
  11 orcs
  12 bats
  7 endoplasms
  4 giant cockroaches
  7 goblins
  10 hobgoblins
  7 jackals
  3 kobolds
  9 quokkas
  3 ball pythons
  2 frilled lizards (D:2)
  7 rats
120 creatures vanquished.

Vanquished Creatures (collateral kills)
  Grinder (D:6)
  Eustachio (D:6)
  An orc warrior (D:6)
  A sky beast (D:7)
  3 black bears
  2 ogres (D:6)
  A necrophage (D:5)
  4 hounds (D:6)
  2 jellies (D:6)
  3 orc priests (D:6)
  3 orc wizards (D:6)
  A gnoll (D:2)
  A dart slug (D:2)
  5 orcs (D:6)
29 creatures vanquished.

Grand Total: 149 creatures vanquished

Notes
Turn   | Place    | Note
-------+----------+-------------------------------------------
     0 | D:1      | jimonade the Djinni Hedge Wizard began the quest for the
                  | Orb.
     0 | D:1      | jimonade set off with the following spells memorised: Magic
                  | Dart, Slow, Blink, Call Imp, Mephitic Cloud.
     0 | D:1      | Reached XP level 1. HP: 15/15 MP: 0/0
   248 | D:1      | Reached XP level 2. HP: 18/21 MP: 0/0
   333 | D:1      | Reached skill level 3 in Spellcasting
   441 | D:1      | Reached XP level 3. HP: 21/25 MP: 0/0
   441 | D:1      | Learned a level 1 spell: Sting
  1163 | D:2      | Reached XP level 4. HP: 28/31 MP: 0/0
  1612 | D:2      | Reached XP level 5. HP: 29/35 MP: 0/0
  1612 | D:2      | Learned a level 2 spell: Lesser Beckoning
  1623 | D:2      | Reached skill level 4 in Spellcasting
  2176 | D:3      | Found a runed translucent door.
  2177 | D:3      | Noticed Crazy Yiuf
  3122 | D:4      | HP: 1/35 [something/magic dart (11)]
  3124 | D:4      | Reached XP level 6. HP: 2/40 MP: 0/0
  3991 | D:4      | Reached skill level 5 in Spellcasting
  4113 | D:5      | Entered Level 5 of the Dungeon
  4115 | D:5      | Noticed an ogre
  4133 | D:5      | Killed an ogre
  4134 | D:5      | Reached XP level 7. HP: 30/45 MP: 0/0
  4134 | D:5      | Learned a level 3 spell: Call Canine Familiar
  4367 | D:5      | Reached skill level 6 in Spellcasting
  4589 | D:5      | Reached XP level 8. HP: 28/50 MP: 0/0
  4682 | D:5      | Noticed Edmund
  4712 | D:5      | Killed Edmund
  4798 | D:5      | Noticed Ijyb
  4806 | D:5      | Killed Ijyb
  5182 | D:5      | Noticed Dowan
  5200 | D:5      | Killed Dowan
  5201 | D:5      | Reached skill level 7 in Spellcasting
  5251 | D:5      | Noticed Pikel
  5282 | D:5      | Killed Pikel
  5283 | D:5      | Reached skill level 8 in Spellcasting
  5283 | D:5      | Reached XP level 9. HP: 26/55 MP: 0/0
  5283 | D:5      | Learned a level 3 spell: Teleport Other
  6153 | D:6      | Noticed Grinder
  6162 | D:6      | Killed Grinder
  6389 | D:6      | Reached skill level 9 in Spellcasting
  6723 | D:6      | Noticed Eustachio
  6737 | D:6      | Killed Eustachio
  7155 | D:7      | Found a bloodstained altar of Trog.
  7166 | D:7      | Noticed Joseph
  7188 | D:7      | Mangled by Joseph

Illustrated notes

Levels and vault maps discovered:
D:1:      dpeg_cavernosity, layout_loops_ring
D:2:      layout_rooms, minmay_unequal
D:3:      layout_loops_corners, uniq_crazy_yiuf_cottage
D:4:      layout_basic, nicolae_zen_rock_garden
D:5:      layout_basic, gup_sewer_entry_spiral, uniq_duvessa, uniq_pikel,
          uniq_edmund, uniq_ijyb
D:6:      layout_loops_ring, minmay_misc_feat_tower, uniq_grinder,
          uniq_eustachio
D:7:      layout_layer_cave, nzn_hepliaklqana_mist_gate, slow_altar_1,
          mainiacjoe_overflow_alcove_1, mainiacjoe_overflow_six_doors_small,
          minmay_temple_entry_tees, uniq_joseph

Skill      XL: |  1  2  3  4  5  6  7  8  9 |
---------------+----------------------------+-----
Spellcasting   | 3 4 5 6 8 9 |  9.9
Dodging        | 3 4 |  4.5
Stealth        | |  1.5

Action                     |  1- 3 |  4- 6 |  7- 9 || total
---------------------------+-------+-------+-------++-------
  Melee: Dagger            |    34 |    31 |    46 ||   111
         Punch             |     1 |       |     1 ||     2
   Cast: Magic Dart        |    33 |   155 |    15 ||   203
         Sting             |       |    21 |    71 ||    92
         Mephitic Cloud    |       |    10 |    10 ||    20
         Call Imp          |       |     2 |    11 ||    13
         Call Canine Famil |       |       |    16 ||    16
         Blink             |       |       |     1 ||     1
 Armour: Robe              |    21 |     8 |     4 ||    33
         Ring mail         |       |       |    22 ||    22
  Dodge: Dodged            |    37 |    37 |    44 ||   118

Table legend: (Time is in decaauts)
 A = Elapsed time spent in this place.
 B = Non-inter-level travel time spent in this place.
 C = Inter-level travel time spent in this place.
 D = Time resting spent in this place.
 E = Time spent auto-exploring this place.
 F = Levels seen in this place.
 G = Mean time per level.
                   A        B        C        D        E       F      G
               +--------+--------+--------+--------+--------+-----+--------+
         Total |   7181 |   6808 |    373 |    728 |   4828 |   7 | 1025.9 |
       Dungeon |   7181 |   6808 |    373 |    728 |   4828 |   7 | 1025.9 |
               +--------+--------+--------+--------+--------+-----+--------+

Top non-repeatable levels by time:
     D:5: 1807 daAuts
     D:1: 1368 daAuts
     D:4: 1249 daAuts
     D:6: 1106 daAuts
     D:3: 915 daAuts
     D:2: 672 daAuts
     D:7: 61 daAuts
